 Dungeon Crawl Stone Soup version 0.14.1-1-g650416f (webtiles) character file.

251928 Nowbl the Shatterer (level 19, -15/174 HPs)
             Began as a Minotaur Fighter on May 10, 2014.
             Was the Champion of Okawaru.
             Demolished by a lajatang of flaming (26 damage)
             ... in the Hall of Blades on May 11, 2014.
             The game lasted 04:56:47 (49545 turns).

Nowbl the Shatterer (Minotaur Fighter)             Turns: 49545, Time: 04:56:47

HP -15/174       AC 26     Str 27      XL: 19   Next: 29%
MP   7/7         EV  7     Int  5      God: Okawaru [******]
Gold 1845        SH 51     Dex 14      Spells:  1 memorised, 17 levels left

rFire  . . .     SeeInvis +     P - +4,+6 eveningstar (vamp)
rCold  . . .     Clarity  .     j - +0 plate armour {rPois}
rNeg   . . .     Conserve .     h - +1 large shield "Poyzal" {+Inv Dam+5}
rPois  +         rCorr    .     (helmet restricted)
rElec  .         rRot     .     F - +1 cloak {MR+}
SustAb . .       Spirit   .     x - +3 pair of gauntlets of War {Acc+5 Dam+5}
rMut   +         Warding  .     y - +0 pair of boots
Saprov . . .     Stasis   .     B - amulet of resist mutation
MR     +++..                    R - ring of sustenance
                                N - ring "Etif" {MR+ SInv Stlth+}

@: extremely resistant to hostile enchantments, extremely unstealthy
A: retaliatory headbutt, horns 2, thin skeletal structure 1
a: Heroism, Finesse, Renounce Religion, Evoke Invisibility
}: 1/15 runes: gossamer


You were in the Hall of Blades.
You worshipped Okawaru.
Okawaru was exalted by your worship.
You were not hungry.

You visited 8 branches of the dungeon, and saw 37 of its levels.
You also visited: Trove.

You collected 2547 gold pieces.
You spent 702 gold pieces at shops.

Inventory:

Hand weapons
 P - a +4,+6 vampiric eveningstar (weapon)
Armour
 c - a +1 shield
 h - the +1 large shield "Poyzal" (worn) {+Inv Dam+5}
   (Okawaru gifted it to you on level 1 of the Vaults)

   It affects your damage with ranged weapons and melee attacks (+5).
   It lets you turn invisible.
 j - a +0 plate armour of poison resistance (worn)
 x - the +3 pair of gauntlets of War (worn) {Acc+5 Dam+5}
   (Okawaru gifted it to you on level 3 of the Vaults)

   It affects your accuracy with ranged weapons and melee attacks (+5).
   It affects your damage with ranged weapons and melee attacks (+5).
 y - a +0 pair of boots (worn)
 F - a +1 cloak of magic resistance (worn)
Magical devices
 f - a wand of paralysis (0)
 m - a wand of disintegration (16)
 r - a wand of teleportation (0)
 u - a wand of paralysis (8)
 v - a wand of fireball (4)
 G - a wand of teleportation (5)
 H - a wand of slowing (13)
Comestibles
 i - 3 meat rations
 w - a bread ration
Scrolls
 d - a scroll of enchant armour
 n - 3 scrolls of remove curse
 o - a scroll of holy word
Jewellery
 a - an uncursed ring of flight
 k - an uncursed amulet of guardian spirit
 p - an uncursed ring of poison resistance
 q - an uncursed ring of sustain abilities
 z - the ring of Saoblud {Dex+2 Dam+4 SInv Stlth-}
   (You found it on level 1 of the Vaults)

   [ring of see invisible]

   It affects your dexterity (+2).
   It affects your damage with ranged weapons and melee attacks (+4).
   It makes you much less stealthy.
 B - an amulet of resist mutation (around neck)
 C - an uncursed amulet of clarity
 I - an uncursed amulet of rage
 N - the ring "Etif" (left hand) {MR+ SInv Stlth+}
   (You found it on level 7 of the Lair of Beasts)

   [ring of see invisible]

   It affects your resistance to hostile enchantments.
   It makes you much more stealthy.
 R - a ring of sustenance (right hand)
Potions
 e - 3 potions of agility
 g - a potion of might
 s - 14 potions of curing
 t - a potion of berserk rage
 Y - 3 potions of haste
Books
 l - a book of the Dragon

   Spells                             Type                      Level
   Flight                             Charms/Air                   3
   Cause Fear                         Hexes                        4
   Bolt of Fire                       Conjuration/Fire             6
   Dragon Form                        Transmutation                7
   Dragon's Call                      Summoning                    9
Rods
 U - a +6 rod of the swarm (11/11)
   (You found it on level 8 of the Lair of Beasts)


   Skills:
 + Level 16.7 Fighting
 + Level 23.4 Maces & Flails
 + Level 16.9 Armour
 - Level 1.3 Dodging
 - Level 0.1 Stealth
 + Level 21.9 Shields


You had 17 spell levels left.
You knew the following spells:

 Your Spells              Type           Power        Failure   Level  Hunger
a - Apportation           Tloc           #.........   100%        1    ##.....


Dungeon Overview and Level Annotations

Branches:
Dungeon (15/15)            Temple (1/1) D:4             Orc (0/4) D:12
   Lair (8/8) D:9          Shoals (3/5) Lair:4       Spider (5/5) Lair:6
  Slime (0/6) Lair:7       Vaults (3/5) D:14          Blade (1/1) Vaults:3
  Crypt (0/5) Vaults:3     Depths (1/5) D:15

Altars:
Ashenzari
Cheibriados
Dithmenos
Elyvilon
Fedhas
Kikubaaqudgha
Makhleb
Nemelex Xobeh
Okawaru
Sif Muna
Trog
Vehumet
Xom
Yredelemnul
Zin
The Shining One

Shops:
D:4 (   D:11 %   D:15 *   Vaults:1 ?[}}*   Vaults:2 =   Vaults:3 ??=%}

Portals:
Hell: Depths:1


Innate Abilities, Weirdness & Mutations

You reflexively headbutt those who attack you in melee.
You have a pair of horns on your head.
You have a somewhat thin skeletal structure (Dex +2, Stealth).


Message History

The lajatang of flaming burns you!
* * * LOW HITPOINT WARNING * * *
The runed mace hits you!
* * * LOW HITPOINT WARNING * * *
Read which item? (? for menu, Esc to quit)
Okay, then.
Evoke which item? (* to show all) (? for menu, Esc to quit)
Okay, then.
You block the lajatang of flaming's attack.
The lajatang of flaming hits you but does no damage.
You block the runed mace's attack.
The runed mace hits you but does no damage.
You block the runed mace's attack.
You block the lajatang of flaming's attack.
The runed mace hits you but does no damage.
You block the lajatang of flaming's attack.
You block the lajatang of flaming's attack.
You block the runed mace's attack. The lajatang of flaming hits you!
You die...

#.......##...##...##...##.....##.
#................................
......#..............#...........
....(###............###..........
....## ##..........## ##.........
....# ##...........###...)......
..).)# #.......(....)#...........
.....###.......(....)............
......#........(@................
.................................
.................................
.................................
.................................
... ..........................
.................... ...
.............. ......


You could see 3 dancing weapons.

Vanquished Creatures
  2 storm dragons
  A kraken (Shoals:1)
  2 sphinxes
  Frances (Spider:2)
  2 fire giants
  5 vault wardens
  A deep elf sorcerer (Vaults:1)
  3 emperor scorpions (Spider:5)
  A frost giant (Vaults:3)
  The ghost of Nowbl the Severer, a powerful MiBe of Trog (Spider:2)
  4 ghost moths (Spider:5)
  A war gargoyle (D:15)
  A stone giant (D:14)
  A deep elf annihilator (Vaults:1)
  6 dire elephants (Lair:8)
  A jiangshi (Vaults:3)
  A deep elf high priest (D:14)
  2 merfolk impalers (Shoals:1)
  2 sirens (Shoals:2)
  6 ironheart preservers
  Josephine (D:10)
  3 great orbs of eyes
  2 ettins (D:15)
  8 vault guards (D:14)
  12 ogre magi
  8 yaktaur captains
  Fannar (Lair:6)
  Harold (D:11)
  A ravenous feature mimic (Vaults:1)
  An ice dragon (Vaults:1)
  An anaconda (Lair:8)
  A deep troll earth mage (Vaults:2)
  9 hydras
  2 tengu warriors (D:15)
  3 deep elf knights
  12 centaur warriors
  2 very ugly things
  The ghost of ant87 the Fighter, an experienced MiBe of Trog (D:9)
  15 dancing weapons
  A shadow wraith (Vaults:3)
  3 iron trolls
  4 skeletal warriors
  A fire crab (Vaults:3)
  10 ironbrand convokers
  3 unseen horrors
  19 orb spiders
  A flayed ghost (D:15)
  4 sea snakes
  A wizard (D:15)
  23 slime creatures
  2 giant orange brains
  A water nymph (Shoals:2)
  Pikel (D:9)
  9 orc knights
  7 hill giants
  14 harpies
  A griffon (shapeshifter) (D:14)
  A small abomination (Vaults:2)
  2 deep trolls (Vaults:2)
  Joseph (D:9)
  A deep elf conjurer (Vaults:3)
  4 fauns (Shoals:1)
  5 griffons
  A phantasmal warrior (Vaults:1)
  9 red wasps
  2 orc sorcerers
  36 wolf spiders
  9 cyclopes
  4 manticores
  An elephant (shapeshifter) (Vaults:3)
  6 drowned souls (Shoals:2)
  A moth of wrath (Spider:4)
  5 elephants (Lair:8)
  4 black mambas
  5 vault sentinels
  6 mermaids
  3 feature mimics
  A gargoyle (D:14)
  A fire drake (shapeshifter) (Vaults:2)
  23 yaktaurs
  9 spiny frogs
  A centaur zombie (D:15)
  A hellwing (D:15)
  5 fire drakes
  3 kobold demonologists
  14 demonic crawlers
  A polar bear (shapeshifter) (Vaults:3)
  An efreet (D:10)
  A blue devil (D:13)
  3 deep elf priests
  2 hydra zombies (D:12)
  4 trolls
  3 komodo dragons
  A baby alligator (shapeshifter) (D:15)
  3 freezing wraiths
  A polar bear (Lair:7)
  17 two-headed ogres
  9 merfolk
  A boggart (shapeshifter) (Vaults:2)
  42 jumping spiders
  A sphinx simulacrum (Vaults:3)
  A human simulacrum (Vaults:1)
  7 boulder beetles
  10 ravens
  15 blink frogs
  5 basilisks
  30 tarantellas
  74 redbacks
  A spriggan (Lair:8)
  3 snapping turtles (Shoals:2)
  A shadow (D:12)
  2 water elementals
  A redback (shapeshifter) (D:15)
  2 wraiths
  A hill giant zombie (D:11)
  4 wyverns
  4 deep elf magi
  26 yaks
  2 vampires
  A griffon skeleton (D:11)
  20 ugly things
  6 hippogriffs
  16 wolves
  A ynoxinul (D:15)
  28 trapdoor spiders
  Eustachio (D:8)
  2 elephant slugs (Lair:5)
  A yak (shapeshifter) (Vaults:1)
  2 hungry ghosts
  9 sharks
  Grum (D:11)
  2 wargs
  4 deep elf fighters
  A steam dragon (D:12)
  11 vampire mosquitoes
  A hill giant skeleton (D:8)
  Edmund (D:8)
  A centaur simulacrum (D:11)
  A soldier ant (D:13)
  8 water moccasins
  18 orc warriors
  A mottled dragon (D:13)
  A phantom (D:4)
  Purgy (D:3)
  3 sky beasts
  A swamp drake (D:12)
  2 slaves (D:9)
  32 spiders
  49 ogres
  2 black bears
  13 centaurs
  A black bear (shapeshifter) (D:15)
  9 porcupines
  4 yellow wasps
  4 giant goldfish
  A boring beetle (shapeshifter) (Vaults:1)
  4 boring beetles
  Sigmund (D:3)
  Duvessa (D:9)
  8 crocodiles
  A yaktaur zombie (D:14)
  5 big kobolds
  19 giant frogs
  11 giant slugs
  A wyvern zombie (D:14)
  2 brain worms
  A cyclops zombie (D:15)
  A water moccasin zombie (D:6)
  A wyvern skeleton (D:6)
  A tengu zombie (D:14)
  A troll zombie (D:13)
  An eye of draining (shapeshifter) (Vaults:1)
  A cyclops skeleton (D:11)
  14 killer bees
  An orc simulacrum (Vaults:1)
  11 scorpions
  An eye of draining (D:15)
  A troll skeleton (D:9)
  8 wights
  6 electric eels
  A two-headed ogre zombie (D:14)
  Dowan (D:9)
  6 big fish
  9 crimson imps
  17 orc priests
  A giant frog skeleton (D:11)
  18 hounds
  7 jellies
  5 iguanas
  4 goliath beetles
  A black bear skeleton (D:8)
  A kobold skeleton (D:12)
  Natasha (thrice) (D:3)
  An elf skeleton (D:13)
  An orange rat (D:7)
  8 worker ants
  20 orc wizards
  A sky beast zombie (D:8)
  18 sheep
  2 mottled dragon zombies
  An ogre zombie (D:10)
  An ogre skeleton (D:3)
  A mottled dragon skeleton (D:9)
  A mummy (D:10)
  21 adders
  A gnoll (D:1)
  5 orc zombies
  10 shadow imps
  A giant mite (Spider:3)
  62 green rats
  A white imp (D:13)
  An inept item mimic (D:4)
  8 worms
  4 ufetubi
  An iguana skeleton (D:11)
  A giant eyeball (D:6)
  5 giant geckos
  82 orcs
  7 giant cockroaches
  14 hobgoblins
  25 jackals
  15 kobolds
  15 quokkas
  3 ball pythons
  24 bats
  3 giant newts
  15 goblins
  A hobgoblin skeleton (D:8)
  2 orc skeletons (D:9)
  A quokka skeleton (D:6)
  28 rats
  A rat skeleton (D:8)
  6 fungi
  13 plants
  4 tentacles (Shoals:1)
1547 creatures vanquished.

Vanquished Creatures (collateral kills)
  A jumping spider (Spider:2)
1 creature vanquished.

Vanquished Creatures (others)
  2 orb spiders
  31 drowned souls (Shoals:2)
  A trapdoor spider (Spider:5)
  A wolf (D:9)
  A slave (D:9)
  An electric eel (D:9)
  A jackal (D:9)
  A giant spore (D:11)
  A fungus (Lair:5)
  2 plants
  4 tentacles (Shoals:1)
  54 tentacle segments (Shoals:1)
100 creatures vanquished.

Grand Total: 1648 creatures vanquished

Notes
Turn   | Place    | Note
--------------------------------------------------------------
     0 | D:1      | Nowbl, the Minotaur Fighter, began the quest for the Orb.
     0 | D:1      | Reached XP level 1. HP: 19/19 MP: 1/1
    96 | D:2      | Reached skill level 4 in Shields
    98 | D:2      | Reached XP level 2. HP: 9/27 MP: 1/1
   336 | D:3      | Noticed Sigmund
   336 | D:3      | Noticed Natasha
   348 | D:4      | Reached XP level 3. HP: 19/33 MP: 2/2
   526 | D:4      | Noticed a phantom
   559 | D:4      | Killed a phantom
   559 | D:4      | Reached skill level 5 in Armour
   559 | D:4      | Reached skill level 1 in Dodging
   559 | D:4      | Reached skill level 5 in Shields
   559 | D:4      | Reached XP level 4. HP: 3/40 MP: 2/2
   871 | D:5      | Entered Level 5 of the Dungeon
  1014 | D:5      | Noticed a centaur
  1020 | D:5      | Killed a centaur
  1020 | D:5      | Reached XP level 5. HP: 23/46 MP: 2/2
  1302 | D:5      | Reached skill level 6 in Shields
  1302 | D:5      | Reached XP level 6. HP: 40/52 MP: 3/3
  1443 | D:5      | Noticed an ogre
  1450 | D:5      | Killed an ogre
  1665 | D:6      | Noticed a centaur
  1674 | D:6      | Killed a centaur
  1674 | D:6      | Reached skill level 7 in Shields
  1709 | D:6      | Reached XP level 7. HP: 37/59 MP: 3/3
  1713 | D:6      | Reached skill level 5 in Maces & Flails
  1878 | D:6      | Found a shimmering altar of Xom.
  1878 | D:6      | Found a shimmering altar of Xom.
  1879 | D:6      | Found a shimmering altar of Xom.
  1880 | D:6      | Found a shimmering altar of Xom.
  1880 | D:6      | Found a shimmering altar of Xom.
  1880 | D:6      | Found a shimmering altar of Xom.
  1897 | D:7      | Reached skill level 8 in Shields
  2504 | D:7      | Reached XP level 8. HP: 51/66 MP: 3/3
  2506 | D:6      | Noticed an ogre
  2511 | D:6      | Killed an ogre
  2511 | D:6      | Reached skill level 9 in Shields
  2527 | D:6      | Noticed an orc warrior
  2539 | D:6      | Killed an orc warrior
  2795 | D:6      | Noticed an ogre
  2800 | D:6      | Killed an ogre
  2810 | D:6      | Paralysed by a giant eyeball for 2 turns
  2833 | D:6      | Paralysed by a giant eyeball for 2 turns
  2843 | D:6      | Paralysed by a giant eyeball for 4 turns
  2991 | D:6      | Found an ancient bone altar of Kikubaaqudgha.
  3006 | D:6      | Noticed an ogre
  3025 | D:6      | Killed an ogre
  3036 | D:6      | Reached skill level 10 in Shields
  3178 | D:6      | Noticed a water moccasin
  3518 | D:6      | Killed a water moccasin
  3839 | D:6      | Reached XP level 9. HP: 66/71 MP: 4/4
  4327 | D:4      | Found an iron altar of Okawaru.
  4327 | D:4      | Found a sparkling altar of Nemelex Xobeh.
  4329 | D:4      | Found a snail-covered altar of Cheibriados.
  4341 | D:4      | Became a worshipper of Warmaster Okawaru
  4382 | D:4      | Found Nofrear's Weapon Emporium.
  4652 | D:4      | Found a staircase to the Ecumenical Temple.
  4668 | Temple   | Entered the Ecumenical Temple
  5202 | D:3      | Noticed Purgy
  5213 | D:3      | Killed Purgy
  5443 | D:3      | Killed Sigmund
  5466 | D:3      | Killed Natasha
  5488 | D:3      | Noticed Natasha
  5494 | D:3      | Killed Natasha
  5855 | D:3      | Noticed Natasha
  5859 | D:3      | Killed Natasha
  7112 | D:8      | Acquired Okawaru's first power
  7198 | D:8      | Reached skill level 11 in Shields
  8264 | D:8      | Found a staircase to the Lair.
  8275 | D:8      | the staircase to the Lair was a mimic.
  8281 | D:8      | Killed a staircase mimic
  8333 | D:8      | Reached skill level 10 in Maces & Flails
  8455 | D:8      | Noticed Edmund
  8466 | D:8      | Killed Edmund
  8468 | D:8      | Noticed Eustachio
  8480 | D:8      | Killed Eustachio
  8637 | D:8      | Reached XP level 10. HP: 65/80 MP: 4/4
  9002 | D:9      | Noticed ant87's ghost (experienced MiBe)
  9009 | D:9      | Noticed Duvessa
  9011 | D:9      | Noticed Dowan
  9012 | D:10     | Entered Level 10 of the Dungeon
  9558 | D:10     | Reached skill level 5 in Fighting
  9898 | D:10     | Reached skill level 12 in Shields
 10688 | D:11     | Noticed Josephine
 10709 | D:10     | Killed Josephine
 10804 | D:11     | Reached skill level 10 in Armour
 11351 | D:11     | Noticed Grum
 11358 | D:11     | Noticed an unseen horror
 11370 | D:11     | Killed Grum
 11370 | D:11     | Reached XP level 11. HP: 80/91 MP: 4/4
 11394 | D:11     | Killed an unseen horror
 11634 | D:11     | Found Thruolamp's Food Boutique.
 11893 | D:11     | Noticed Harold
 12511 | D:11     | Noticed an unseen horror
 12519 | D:11     | Killed an unseen horror
 12627 | D:12     | Reached skill level 13 in Shields
 12765 | D:12     | Acquired Okawaru's second power
 13879 | D:12     | Found a staircase to the Orcish Mines.
 15047 | D:13     | Noticed a centaur warrior
 15060 | D:13     | Received a gift from Okawaru
 15068 | D:13     | Killed a centaur warrior
 15068 | D:13     | Reached XP level 12. HP: 49/103 MP: 2/5
 15305 | D:13     | Noticed an ogre mage
 15501 | D:12     | Reached skill level 14 in Shields
 15556 | D:9      | Killed ant87's ghost
 15558 | D:9      | Killed Dowan
 15563 | D:9      | Killed Duvessa
 15765 | D:9      | Noticed Pikel
 15776 | D:9      | Killed Pikel
 15983 | D:9      | Found a staircase to the Lair.
 16027 | D:9      | Noticed Joseph
 16829 | D:9      | Killed Joseph
 16945 | D:9      | Found a snail-covered altar of Cheibriados.
 16963 | Lair:1   | Entered Level 1 of the Lair of Beasts
 17592 | Lair:1   | Noticed a six-headed hydra
 17599 | Lair:1   | Killed a six-headed hydra
 18263 | Lair:2   | Received a gift from Okawaru
 19030 | Lair:3   | Reached skill level 15 in Shields
 19479 | Lair:3   | Noticed an eight-headed hydra
 19490 | Lair:3   | Killed an eight-headed hydra
 19747 | Lair:3   | Noticed an eight-headed hydra
 19769 | Lair:3   | Killed an eight-headed hydra
 19771 | Lair:3   | Received a gift from Okawaru
 19992 | Lair:3   | Found a staircase to the Shoals.
 20010 | Lair:3   | Reached XP level 13. HP: 76/113 MP: 5/5
 20147 | Lair:3   | the staircase to the Shoals was a mimic.
 20152 | Lair:3   | Reached skill level 10 in Fighting
 20864 | Lair:4   | Found a staircase to the Shoals.
 21432 | Lair:5   | Identified a scroll of acquirement
 21627 | Lair:5   | Reached skill level 15 in Maces & Flails
 22299 | Lair:5   | Found a hole to the Spider Nest.
 22305 | Lair:5   | the hole to the Spider Nest was a mimic.
 23159 | Lair:6   | Received a gift from Okawaru
 23399 | Lair:6   | Found a hole to the Spider Nest.
 23765 | Lair:6   | Noticed Fannar
 23788 | Lair:6   | Killed Fannar
 23798 | Lair:6   | Reached skill level 16 in Shields
 24153 | Lair:7   | Got a twitching bronze ring
 24676 | Lair:7   | Received a gift from Okawaru
 25381 | Lair:8   | Entered Level 8 of the Lair of Beasts
 25794 | Lair:8   | Reached XP level 14. HP: 89/124 MP: 5/5
 26057 | Lair:8   | Identified the ring "Etif" {MR+ SInv Stlth+} (You found it on level 7 of the Lair of Beasts)
 26964 | Spider:1 | Entered Level 1 of the Spider Nest
 27083 | Spider:1 | Learned a level 1 spell: Apportation
 27113 | Spider:1 | Reached skill level 17 in Maces & Flails
 27723 | Spider:1 | Received a gift from Okawaru
 28481 | Spider:2 | Noticed Nowbl's ghost (powerful MiBe)
 28505 | Spider:2 | Killed Nowbl's ghost
 28762 | Spider:2 | Received a gift from Okawaru
 28886 | Spider:2 | Noticed Frances
 28902 | Spider:2 | Killed Frances
 29435 | Spider:3 | Reached skill level 18 in Maces & Flails
 29435 | Spider:3 | Reached XP level 15. HP: 131/134 MP: 6/6
 29930 | Spider:3 | Received a gift from Okawaru
 31099 | Spider:4 | Identified Sif Muna's Reference Book on Stones
 31763 | Spider:4 | Received a gift from Okawaru
 31991 | Spider:5 | Entered Level 5 of the Spider Nest
 32297 | Spider:5 | Received a gift from Okawaru
 32390 | Spider:5 | Reached skill level 19 in Maces & Flails
 32855 | Spider:5 | Received a gift from Okawaru
 32895 | Spider:5 | Reached XP level 16. HP: 117/144 MP: 6/6
 33056 | Spider:5 | Reached skill level 15 in Armour
 33673 | Spider:5 | Received a gift from Okawaru
 33764 | Spider:5 | Got a gossamer rune of Zot
 34155 | Lair:1   | Identified a +6 rod of the swarm (11/11) (You found it on level 8 of the Lair of Beasts)
 34461 | Lair:7   | Found a staircase to the Slime Pits.
 34697 | Shoals:1 | Entered Level 1 of the Shoals
 35283 | Shoals:1 | Reached skill level 20 in Maces & Flails
 35432 | Shoals:1 | Received a gift from Okawaru
 35436 | Shoals:1 | Got a warped mace {god gift}
 35439 | Shoals:1 | Identified the +3,-5 mace of the Extremes {crush, SInv Stlth+} (Okawaru gifted it to you on level 1 of the Shoals)
 36784 | Shoals:2 | Received a gift from Okawaru
 38576 | D:11     | Killed Harold
 38645 | D:13     | Killed an ogre mage
 38663 | D:13     | Noticed a centaur warrior
 38673 | D:13     | Killed a centaur warrior
 38758 | D:13     | Noticed a centaur warrior
 38769 | D:13     | Killed a centaur warrior
 38974 | D:13     | Found a portal to a secret trove of treasure.
 39612 | D:14     | Reached XP level 17. HP: 154/154 MP: 6/6
 39813 | D:14     | Gained mutation: You have a somewhat thin skeletal structure (Dex +2, Stealth). [potion of beneficial mutation]
 40085 | D:14     | Found a gate to the Vaults.
 40105 | D:14     | Received a gift from Okawaru
 40412 | Vaults:1 | Entered Level 1 of the Vaults
 40632 | D:15     | Entered Level 15 of the Dungeon
 40665 | D:15     | Found Faezah's Assorted Antiques.
 40736 | D:15     | Bought a scroll of blinking for 247 gold pieces
 40736 | D:15     | Bought a scroll of identify for 66 gold pieces
 40736 | D:15     | Bought a scroll of identify for 66 gold pieces
 40808 | D:15     | Reached skill level 21 in Maces & Flails
 40926 | Trove    | Entered a treasure trove
 40950 | Trove    | Got a twisted ring mail
 41018 | D:14     | Identified the +3 ring mail of the Eagle {Dex+3 Int+4} (You found it in a treasure trove)
 41597 | D:15     | Found a staircase to the Depths.
 41645 | D:15     | Received a gift from Okawaru
 42425 | D:15     | Reached skill level 15 in Fighting
 44030 | Depths:1 | Entered Level 1 of the Depths
 44030 | Depths:1 | Found a gateway to Hell.
 44292 | Depths:1 | Noticed a lich
 44294 | Depths:1 | Noticed a Hell Sentinel
 45089 | Vaults:1 | Found Prumnacs' Gadget Shoppe.
 45166 | Vaults:1 | Found Mejiege's Magic Scroll Boutique.
 45180 | Vaults:1 | Bought a scroll of enchant weapon II for 71 gold pieces
 45299 | Vaults:1 | Bought a scroll of identify for 26 gold pieces
 45395 | Vaults:1 | Reached XP level 18. HP: 163/163 MP: 7/7
 45477 | Vaults:1 | Found Isohihug's Armour Emporium.
 45557 | Vaults:1 | Reached skill level 22 in Maces & Flails
 45599 | Vaults:1 | Received a gift from Okawaru
 45639 | Vaults:1 | Got an encrusted large shield {god gift}
 45653 | Vaults:1 | Identified the +1 large shield "Poyzal" {+Inv Dam+5} (Okawaru gifted it to you on level 1 of the Vaults)
 45699 | Vaults:1 | Got an ancient tin ring
 45842 | Vaults:1 | Found Bluam's General Store.
 45848 | Vaults:1 | Bought a scroll of enchant weapon I for 45 gold pieces
 45852 | Vaults:1 | Found Yfoutoni's Gadget Emporium.
 46802 | Vaults:2 | Found Eraidast's Jewellery Emporium.
 47323 | Vaults:2 | Received a gift from Okawaru
 47798 | Vaults:3 | Found Efikieng's Magic Scroll Shoppe.
 47818 | Vaults:3 | Bought a scroll of identify for 38 gold pieces
 47818 | Vaults:3 | Bought a scroll of identify for 38 gold pieces
 47819 | Vaults:3 | Identified the ring of Saoblud {Dex+2 Dam+4 SInv Stlth-} (You found it on level 1 of the Vaults)
 47888 | Vaults:3 | Reached skill level 23 in Maces & Flails
 48245 | Vaults:3 | Found a staircase to the Hall of Blades.
 48604 | Vaults:3 | Reached XP level 19. HP: 159/174 MP: 7/7
 48676 | Vaults:3 | Found Cuiby's Jewellery Shoppe.
 48718 | Vaults:3 | Received a gift from Okawaru
 48738 | Vaults:3 | Found Tiocwami's Gadget Shop.
 48805 | Vaults:3 | Found a staircase to the Crypt.
 48884 | Vaults:3 | Found Wiocwiremp's Food Shop.
 49003 | Vaults:3 | Found Shuqerch's Magic Scroll Boutique.
 49011 | Vaults:3 | Bought a scroll of identify for 28 gold pieces
 49015 | Vaults:3 | Bought a scroll of enchant weapon II for 77 gold pieces
 49389 | Blade    | Entered the Hall of Blades
 49531 | Blade    | HP: 6/174 [runed mace (11)]
 49545 | Blade    | Demolished by a lajatang of flaming

Action                   |  1- 3 |  4- 6 |  7- 9 | 10-12 | 13-15 | 16-18 | 19-21 || total
-------------------------+-------+-------+-------+-------+-------+-------+-------++-------
Melee: Flail             |    42 |    45 |   562 |   620 |       |       |       ||  1269
       Morningstar       |       |       |       |    67 |       |       |       ||    67
       Eveningstar       |       |       |       |   472 |  1781 |  2155 |   148 ||  4556
       Unarmed           |       |       |       |       |     4 |       |       ||     4
Invok: Heroism           |       |       |       |     8 |     1 |       |       ||     9
 Abil: Evoke Flight      |       |       |       |       |       |     3 |       ||     3
Evoke: Wand              |       |       |     1 |     9 |     4 |    13 |       ||    27
  Use: Potion            |     2 |       |     1 |     4 |     3 |    12 |       ||    22
       Scroll            |       |       |    10 |    15 |    23 |    23 |     3 ||    74
 Stab: Paralysed         |       |       |       |       |       |     5 |       ||     5
